NCAA
OREGON DUCKS @ BUTLER BULLDOGS
05/08/2030
 
TOP OF THE 1ST
Oregon Ducks batting - Pitching for Butler Bulldogs : LHP Dan Hashbarger
Pitching: LHP Dan Hashbarger
Batting: RHB Floyd Turner 0-0: Called Strike
0-1: Ball
1-1: Ball
2-1: Called Strike
2-2: DOUBLE (Groundball, 3L)
Batting: RHB Ed Hines 0-0: SINGLE (Groundball, 4MD)
Floyd Turner to third
Batting: RHB Greg Huggins 0-0: Called Strike
0-1: Ball
1-1: Foul Ball, location: 2F
1-2: Foul Ball, location: 2F
1-2: SINGLE (Line Drive, 6D)
Floyd Turner scores
Ed Hines to second
Batting: RHB Scott Elliott 0-0: Foul Ball, location: 2F
0-1: Foul Ball, location: 2F
0-2: Strikes out swinging
Batting: LHB Kay Hennessey 0-0: Ball
Wild Pitch!
Ed Hines to third
Greg Huggins to second
1-0: Foul Ball, location: 2F
1-1: Ground out 6-3 (Groundball, 6)
Ed Hines scores
Batting: RHB Robin Mitchell 0-0: Called Strike
0-1: Called Strike
0-2: Foul Ball, location: 2F
0-2: Ball
1-2: Ball
2-2: Strikes out swinging
Top of the 1st over - 2 runs, 3 hits, 0 errors, 1 left on base; Oregon 2 - Butler 0
BOTTOM OF THE 1ST
Butler Bulldogs batting - Pitching for Oregon Ducks : RHP Richard Hamilton
Pitching: RHP Richard Hamilton
Batting: LHB Alex Kelly 0-0: Ball
1-0: Ball
2-0: Ball
3-0: Called Strike
3-1: Ground out 6-3 (Groundball, 6)
Batting: RHB Benjamin Monroe 0-0: Ball
1-0: Ball
2-0: Ball
3-0: Called Strike
3-1: Called Strike
3-2: Strikes out swinging
Batting: RHB Patrice Charette 0-0: Ball
1-0: SINGLE (Flyball, 8LS)
Batting: LHB Bill O'Higgins 0-0: Foul Ball, location: 2F
0-1: Swinging Strike
0-2: Strikes out swinging
Bottom of the 1st over - 0 runs, 1 hit, 0 errors, 1 left on base; Oregon 2 - Butler 0
TOP OF THE 2ND
Oregon Ducks batting - Pitching for Butler Bulldogs : LHP Dan Hashbarger
Batting: LHB Mike Sims 0-0: Ball
1-0: Ball
2-0: Swinging Strike
2-1: Foul Ball, location: 2F
2-2: Foul Ball, location: 2F
2-2: Foul Ball, location: 2F
2-2: Foul Ball, location: 2F
2-2: Foul Ball, location: 2F
2-2: Ball
3-2: Base on Balls
Batting: RHB César Fuentes 0-0: Ball
1-0: Ball
2-0: Ball
3-0: Base on Balls
Mike Sims to second
Batting: RHB Douglas Turry 0-0: Called Strike
0-1: Ball
1-1: Reached on error, E3 (Groundball, 34)
Mike Sims to third
César Fuentes to second
Batting: RHB Floyd Turner 0-0: Called Strike
0-1: Ball
1-1: Ball
2-1: Ball
3-1: Foul Ball, location: 2F
3-2: Strikes out swinging
Batting: RHB Ed Hines 0-0: Ball
1-0: Fly out, F9 (Flyball, 9LS)
Runner from 3rd tags up, SCORES, throw made
Batting: RHB Greg Huggins 0-0: Called Strike
0-1: Ball
1-1: Foul Ball, location: 2F
1-2: Strikes out swinging
Top of the 2nd over - 1 run, 0 hits, 1 error, 2 left on base; Oregon 3 - Butler 0
BOTTOM OF THE 2ND
Butler Bulldogs batting - Pitching for Oregon Ducks : RHP Richard Hamilton
Batting: LHB Stephen Arnold 0-0: Ball
1-0: Ball
2-0: Ball
3-0: Called Strike
3-1: Foul Ball, location: 2F
3-2: Foul Ball, location: 2F
3-2: Strikes out looking
Batting: RHB Bobby Coleman 0-0: Called Strike
0-1: Fly out, F9 (Flyball, 89D)
Batting: RHB Jorge Solís 0-0: Ball
1-0: Ball
2-0: Called Strike
2-1: Ball
3-1: Called Strike
3-2: Fly out, F7 (Flyball, 78S)
Bottom of the 2nd over - 0 runs, 0 hits, 0 errors, 0 left on base; Oregon 3 - Butler 0
TOP OF THE 3RD
Oregon Ducks batting - Pitching for Butler Bulldogs : LHP Dan Hashbarger
Batting: RHB Scott Elliott 0-0: Ball
1-0: Ball
2-0: Called Strike
2-1: Ball
3-1: Swinging Strike
3-2: Foul Ball, location: 2F
3-2: Base on Balls
Batting: LHB Kay Hennessey 0-0: Called Strike
0-1: Ball
1-1: Called Strike
1-2: Foul Ball, location: 2F
1-2: Ball
2-2: Strikes out swinging
Batting: RHB Robin Mitchell 0-0: Fly out, F3 (Popup, 3S)
Batting: LHB Mike Sims 0-0: Foul Ball, location: 2F
0-1: Ball
1-1: Ground out U3 (Groundball, 3L)
Top of the 3rd over - 0 runs, 0 hits, 0 errors, 1 left on base; Oregon 3 - Butler 0
BOTTOM OF THE 3RD
Butler Bulldogs batting - Pitching for Oregon Ducks : RHP Richard Hamilton
Batting: RHB Kenny Lowe 0-0: Called Strike
0-1: Fly out, F6 (Line Drive, 6)
Batting: RHB Danny Giles 0-0: Ball
1-0: Ball
2-0: Foul Ball, location: 2F
2-1: Ground out 1-3 (Groundball, 13S)
Batting: LHB Alex Kelly 0-0: Swinging Strike
0-1: Foul Ball, location: 2F
0-2: Strikes out swinging
Bottom of the 3rd over - 0 runs, 0 hits, 0 errors, 0 left on base; Oregon 3 - Butler 0
TOP OF THE 4TH
Oregon Ducks batting - Pitching for Butler Bulldogs : LHP Dan Hashbarger
Batting: RHB César Fuentes 0-0: Called Strike
0-1: Ball
1-1: Ball
2-1: Ball
3-1: Called Strike
3-2: Base on Balls
Batting: RHB Douglas Turry 0-0: Foul Ball, location: 2F
0-1: Foul Ball, location: 2F
0-2: Ball
1-2: Strikes out swinging
Batting: RHB Floyd Turner 0-0: Ball
1-0: Ground out U3 (Groundball, 34S)
César Fuentes to second
Pitching: LHP Rick Estes
Batting: RHB Ed Hines 0-0: Foul Ball, location: 2F
0-1: Foul Ball, location: 2F
0-2: Ball
1-2: Ground out 6-3 (Groundball, 6)
Top of the 4th over - 0 runs, 0 hits, 0 errors, 1 left on base; Oregon 3 - Butler 0
BOTTOM OF THE 4TH
Butler Bulldogs batting - Pitching for Oregon Ducks : RHP Richard Hamilton
Batting: RHB Benjamin Monroe 0-0: Called Strike
0-1: Called Strike
0-2: Ball
1-2: SINGLE (Line Drive, 78S)
Batting: RHB Patrice Charette 0-0: Swinging Strike
0-1: Ball
1-1: Swinging Strike
1-2: 2-RUN HOME RUN (Flyball, 7D), Distance : 373 ft
Batting: LHB Bill O'Higgins 0-0: Ball
1-0: Called Strike
1-1: Ground out 6-3 (Groundball, 6)
Batting: LHB Stephen Arnold 0-0: Called Strike
0-1: Foul Ball, location: 2F
0-2: Ball
1-2: Reached on error, E4 (Popup, 4MD)
Batting: RHB Bobby Coleman 0-0: Ball
1-0: Ball
Stephen Arnold steals 2nd base
2-0: Ground out 6-3 (Groundball, 6)
Batting: RHB Jorge Solís 0-0: Ball
1-0: Called Strike
1-1: Ball
2-1: Foul Ball, location: 2F
2-2: Ground out 4-3 (Groundball, 4S)
Bottom of the 4th over - 2 runs, 2 hits, 1 error, 1 left on base; Oregon 3 - Butler 2
TOP OF THE 5TH
Oregon Ducks batting - Pitching for Butler Bulldogs : LHP Rick Estes
Batting: RHB Greg Huggins 0-0: Called Strike
0-1: Ball
1-1: Swinging Strike
1-2: Ball
2-2: Foul Ball, location: 2F
2-2: Strikes out looking
Batting: RHB Scott Elliott 0-0: Ball
1-0: Fly out, F7 (Flyball, 7LSF)
Batting: LHB Kay Hennessey 0-0: Ball
1-0: Ball
2-0: Swinging Strike
2-1: Ball
3-1: Ground out 4-3 (Groundball, 4)
Top of the 5th over - 0 runs, 0 hits, 0 errors, 0 left on base; Oregon 3 - Butler 2
BOTTOM OF THE 5TH
Butler Bulldogs batting - Pitching for Oregon Ducks : RHP Richard Hamilton
Batting: RHB Kenny Lowe 0-0: Swinging Strike
0-1: Called Strike
0-2: Ball
1-2: Ball
2-2: Ball
3-2: Fly out, F7 (Flyball, 7S)
Batting: RHB Danny Giles 0-0: Called Strike
0-1: Called Strike
0-2: Foul Ball, location: 2F
0-2: Foul Ball, location: 2F
0-2: Strikes out looking
Batting: LHB Alex Kelly 0-0: Foul Ball, location: 2F
0-1: Ball
1-1: Ball
2-1: Ball
3-1: Swinging Strike
3-2: DOUBLE (Line Drive, 78D)
Pitching: RHP Albert Aguilar
Batting: RHB Benjamin Monroe 0-0: Called Strike
0-1: TRIPLE (Flyball, 8LXD)
Alex Kelly scores
Pinch Runner at 3rd Tim Thomas:
Batting: RHB Patrice Charette 0-0: Ball
1-0: Called Strike
1-1: Ball
2-1: Foul Ball, location: 2F
2-2: SINGLE (Groundball, 4MD)
Tim Thomas scores
Batting: LHB Bill O'Higgins 0-0: Ball
1-0: Ball
2-0: Ball
3-0: Base on Balls
Patrice Charette to second
Batting: LHB Stephen Arnold 0-0: Ball
1-0: Ball
2-0: Ball
3-0: Called Strike
3-1: Foul Ball, location: 2F
3-2: Strikes out swinging
Bottom of the 5th over - 2 runs, 3 hits, 0 errors, 2 left on base; Oregon 3 - Butler 4
TOP OF THE 6TH
Oregon Ducks batting - Pitching for Butler Bulldogs : LHP Rick Estes
Now at SS: Tim Thomas
Batting: RHB Robin Mitchell 0-0: Called Strike
0-1: Ball
1-1: Fly out, F7 (Line Drive, 7)
Batting: LHB Mike Sims 0-0: Foul Ball, location: 2F
0-1: Ball
1-1: Called Strike
1-2: Ball
2-2: Fly out, F6 (Popup, P)
Batting: RHB César Fuentes 0-0: Called Strike
0-1: Ball
1-1: Fly out, F2 (Popup, 23F)
Top of the 6th over - 0 runs, 0 hits, 0 errors, 0 left on base; Oregon 3 - Butler 4
BOTTOM OF THE 6TH
Butler Bulldogs batting - Pitching for Oregon Ducks : RHP Albert Aguilar
Batting: RHB Bobby Coleman 0-0: SOLO HOME RUN (Flyball, 8RXD), Distance : 441 ft
Batting: RHB Jorge Solís 0-0: Called Strike
0-1: Foul Ball, location: 2F
0-2: Strikes out swinging
Batting: RHB Kenny Lowe 0-0: Foul Ball, location: 2F
0-1: Ball
1-1: Swinging Strike
1-2: Ball
2-2: DOUBLE (Groundball, 5L)
Batting: RHB Danny Giles 0-0: Ground out 6-3 (Groundball, 56)
Batting: LHB Alex Kelly 0-0: Ball
1-0: Called Strike
1-1: Fly out, F9 (Flyball, 9S)
Bottom of the 6th over - 1 run, 2 hits, 0 errors, 1 left on base; Oregon 3 - Butler 5
TOP OF THE 7TH
Oregon Ducks batting - Pitching for Butler Bulldogs : LHP Rick Estes
Batting: RHB Douglas Turry 0-0: Called Strike
0-1: Foul Ball, location: 2F
0-2: Ball
1-2: Ball
2-2: Strikes out swinging
Batting: RHB Floyd Turner 0-0: Ball
1-0: Swinging Strike
1-1: Foul Ball, location: 2F
1-2: Ball
2-2: Foul Ball, location: 2F
2-2: Strikes out looking
Batting: RHB Ed Hines 0-0: Swinging Strike
0-1: SINGLE (Flyball, 7LS)
Batting: RHB Greg Huggins 0-0: Reached on error, E5 (Groundball, 5)
Ed Hines to second
Batting: RHB Scott Elliott 0-0: Ball
1-0: Called Strike
1-1: Fly out, F8 (Line Drive, 89D)
Top of the 7th over - 0 runs, 1 hit, 1 error, 2 left on base; Oregon 3 - Butler 5
BOTTOM OF THE 7TH
Butler Bulldogs batting - Pitching for Oregon Ducks : RHP Albert Aguilar
Batting: LHB Tim Thomas 0-0: SINGLE (Line Drive, 34)
Batting: RHB Patrice Charette 0-0: Ball
1-0: Foul Ball, location: 2F
1-1: Ball
2-1: Ball
3-1: 2-RUN HOME RUN (Flyball, 7D), Distance : 385 ft
Pitching: RHP Wally O'Dowling
Batting: LHB Bill O'Higgins 0-0: Ball
1-0: Foul Ball, location: 2F
1-1: Fly out, F7 (Flyball, 78M)
Batting: LHB Stephen Arnold 0-0: Called Strike
0-1: Ground out 4-3 (Groundball, 4)
Batting: RHB Bobby Coleman 0-0: Ball
1-0: Swinging Strike
1-1: Ball
2-1: DOUBLE (Line Drive, 89D)
Batting: RHB Jorge Solís 0-0: Called Strike
0-1: Fly out, F6 (Line Drive, 6)
Bottom of the 7th over - 2 runs, 3 hits, 0 errors, 1 left on base; Oregon 3 - Butler 7
TOP OF THE 8TH
Oregon Ducks batting - Pitching for Butler Bulldogs : LHP Rick Estes
Now in CF: Todd Hunt
Batting: LHB Kay Hennessey 0-0: Called Strike
0-1: Ball
1-1: Ground out 3-1 (Groundball, 34)
Batting: RHB Robin Mitchell 0-0: Ball
1-0: Ball
2-0: SINGLE (Line Drive, 78M)
Batting: LHB Mike Sims 0-0: Ball
1-0: Ball
2-0: Ball
3-0: Base on Balls
Robin Mitchell to second
Batting: RHB César Fuentes 0-0: Ball
1-0: Ball
2-0: Ball
3-0: Called Strike
3-1: Foul Ball, location: 2F
3-2: Base on Balls
Robin Mitchell to third
Mike Sims to second
Pitching: RHP Alden García
Batting: RHB Douglas Turry 0-0: Ball
1-0: Swinging Strike
1-1: Ball
2-1: Ball
3-1: Called Strike
3-2: Base on Balls
Robin Mitchell scores
Mike Sims to third
César Fuentes to second
Batting: RHB Floyd Turner 0-0: Ball
1-0: Ball
2-0: Ball
3-0: Called Strike
3-1: Swinging Strike
3-2: Foul Ball, location: 2F
3-2: Fly out, F8 (Flyball, 8LD)
Runner from 3rd tags up, SCORES, throw made
Batting: RHB Ed Hines 0-0: Ball
1-0: Ball
2-0: Foul Ball, location: 2F
2-1: Ball
3-1: Foul Ball, location: 2F
3-2: Base on Balls
César Fuentes to third
Douglas Turry to second
Batting: RHB Greg Huggins 0-0: Foul Ball, location: 2F
0-1: Ball
1-1: Foul Ball, location: 2F
1-2: SINGLE (Groundball, 6M) (infield hit)
César Fuentes scores
Douglas Turry to third
Ed Hines to second
Batting: RHB Scott Elliott 0-0: Ball
1-0: Ball
2-0: Ball
3-0: Foul Ball, location: 2F
3-1: Foul Ball, location: 2F
3-2: Base on Balls
Douglas Turry scores
Ed Hines to third
Greg Huggins to second
Batting: LHB Kay Hennessey 0-0: Ball
1-0: Ground out 4-3 (Groundball, 4)
Top of the 8th over - 4 runs, 2 hits, 0 errors, 3 left on base; Oregon 7 - Butler 7
BOTTOM OF THE 8TH
Butler Bulldogs batting - Pitching for Oregon Ducks : RHP Wally O'Dowling
Batting: RHB Kenny Lowe 0-0: Swinging Strike
0-1: Swinging Strike
0-2: Ball
1-2: Ball
2-2: Ground out 5-3 (Groundball, 56)
Batting: RHB Danny Giles 0-0: Called Strike
0-1: Ball
1-1: Ball
2-1: Ball
3-1: Swinging Strike
3-2: Foul Ball, location: 2F
3-2: Base on Balls
Batting: LHB Todd Hunt Pickoff Throw to First - Error! E1
Danny Giles to second
0-0: Called Strike
0-1: Ground out 6-3 (Groundball, 6)
Batting: LHB Tim Thomas 0-0: Ball
1-0: Called Strike
1-1: Ball
2-1: SINGLE (Groundball, 56D)
Danny Giles to third
Runner from 3rd tries for Home, SAFE, no throw
Batting: RHB Patrice Charette 0-0: Ball
1-0: Called Strike
1-1: Ball
2-1: Fly out, F9 (Flyball, 9S)
Bottom of the 8th over - 1 run, 1 hit, 1 error, 1 left on base; Oregon 7 - Butler 8
TOP OF THE 9TH
Oregon Ducks batting - Pitching for Butler Bulldogs : RHP Alden García
Now at 1B: Lawrence Marshall
Batting: RHB Robin Mitchell 0-0: Called Strike
0-1: Hit by Pitch
Batting: LHB Mike Sims 0-0: Called Strike
0-1: Swinging Strike
0-2: Ball
1-2: Strikes out swinging
Batting: RHB César Fuentes 0-0: Ball
1-0: Swinging Strike
1-1: Swinging Strike
1-2: Foul Ball, location: 2F
1-2: Strikes out swinging
Pinch Hitting: RHB Tim Smith 0-0: Fly out, F9 (Line Drive, 9)
Top of the 9th over - 0 runs, 0 hits, 0 errors, 1 left on base; Oregon 7 - Butler 8
Saturday, April 7th, 2018 - OOTP Baseball 18.8 Build 76